Map: Thunderbird LE

Players

Kevin - Winner!

  • Race: Protoss Protoss
  • League: Master
  • Spawn Location: 5:00

Gyalgatine

  • Race: Terran Terran
  • League: Diamond
  • Spawn Location: 11:00

VOD

Have the link to the VOD?

Description

Time

  • Played on: Sept. 21, 2019, 2:33 p.m.
  • Length: 11:05
Show
View Real Time Build Order
Export as new Build Order

Kevin Protoss - Winner!

Build Orders: 1 Gate Expand, Phoenix Opening 

Get SALT Encoding   

  12  0:01  Probe  
  13  0:13  Probe  
  14  0:17  Pylon  
  14  0:25  Probe (Chrono Boost)  
  15  0:37  Probe (Chrono Boost)  
  15  0:40  Gateway  
  16  0:43  Probe (Chrono Boost)  
  16  0:46  Assimilator  
  17  0:51  Probe  
  18  1:03  Probe  
  19  1:15  Probe  
  20  1:24  Nexus  
  20  1:36  Probe  
  20  1:39  Cybernetics Core  
  21  1:49  Pylon  
  21  1:51  Assimilator  
  21  1:53  Zealot (Chrono Boost)  
  23  2:07  Probe  
  24  2:15  Warp Gate, Stalker (Chrono Boost)  
  26  2:27  Probe  
  27  2:37  Stalker (Chrono Boost)  
  27  2:39  Probe  
  30  2:46  Probe  
  30  2:51  Probe  
  32  2:59  Stargate  
  32  3:00  Probe  
  32  3:01  Pylon  
  33  3:06  Probe  
  34  3:26  Probe (Chrono Boost)  
  35  3:30  Stalker  
  35  3:31  Probe (Chrono Boost)  
  38  3:35  Probe (Chrono Boost)  
  38  3:39  Probe (Chrono Boost)  
  38  3:40  Probe (Chrono Boost)  
  38  3:42  Phoenix (Chrono Boost)  
  38  3:47  Assimilator  
  41  3:50  Probe  
  41  3:51  Shield Battery  
  41  3:52  Probe  
  43  3:57  Gateway  
  43  3:59  Gateway, Pylon  
  43  4:02  Probe  
  44  4:04  Probe (Chrono Boost)  
  44  4:05  Phoenix (Chrono Boost)  
  47  4:16  Probe (Chrono Boost)  
  49  4:20  Pylon, Probe (Chrono Boost)  
  50  4:24  Probe (Chrono Boost)  
  50  4:27  Phoenix (Chrono Boost), Probe (Chrono Boost)  
  53  4:33  Probe  
  54  4:40  Robotics Facility  
  54  4:46  Probe  
  55  4:53  Probe  
  55  4:56  Assimilator  
  56  5:01  Stalker  
  56  5:03  Probe  
  56  5:06  Nexus  
  59  5:09  Pylon, Phoenix  
  59  5:10  Probe  
  62  5:15  Probe  
  62  5:19  Forge  
  62  5:20  Twilight Council  
  63  5:23  Probe  
  63  5:27  Probe  
  65  5:33  Observer (Chrono Boost)  
  65  5:34  Phoenix  
  65  5:35  Probe  
  69  5:38  Pylon  
  69  5:39  Probe  
  70  5:48  Gateway  
  70  5:49  Gateway, Zealot  
  72  5:50  Probe  
  72  5:52  Sentry  
  72  5:55  Probe  
  76  6:03  Probe  
  77  6:14  Stalker x2  
  77  6:15  Zealot  
  77  6:17  Immortal (Chrono Boost), Charge (Chrono Boost)  
  87  6:38  Phoenix, Stalker  
  87  6:39  Zealot, Stalker  
  95  6:44  Observer (Chrono Boost)  
  95  6:45  Pylon  
  95  6:46  Pylon  
  95  6:56  Zealot  
  91  7:07  Stalker x2  
  91  7:08  Zealot x2  
  89  7:10  Probe  
  90  7:15  Phoenix  
  90  7:17  Immortal (Chrono Boost)  
  90  7:24  Stalker  
  86  7:32  Phoenix  
  86  7:36  Zealot x2, Stalker  
  86  7:37  Zealot  
  90  7:50  Immortal (Chrono Boost)  
  86  7:51  Stalker  
  84  7:59  Protoss Ground Armor Level 1 (Chrono Boost), Stalker x2  
  84  8:00  Zealot, Stalker  
  84  8:01  Probe  
  93  8:06  Probe x2  
  95  8:13  Forge, Probe  
  95  8:18  Gateway, Probe x2  
  98  8:21  Gateway  
  98  8:23  Warp Prism (Chrono Boost)  
  98  8:25  Pylon  
  98  8:27  Pylon  
  100  8:31  Probe  
  101  8:35  Assimilator  
  101  8:39  Assimilator  
  101  8:41  Pylon  
  101  8:43  Pylon x2, Zealot x2  
  101  8:44  Pylon, Zealot  
  107  8:56  Gateway  
  107  8:57  Gateway  
  107  9:03  Sentry  
  107  9:04  Zealot x2  
  107  9:08  Templar Archives, Protoss Ground Weapons Level 1 (Chrono Boost)  
  113  9:18  Zealot x4  
  113  9:21  Probe x2  
  123  9:28  Pylon  
  123  9:29  Pylon  
  123  9:40  Psionic Storm, Nexus  
  123  9:42  Pylon  
  123  9:45  High Templar x4  
  129  9:49  Archon x2  
  131  10:03  Stalker  
  131  10:04  Stalker  
  131  10:05  Probe  
  131  10:06  Probe  
  137  10:09  Probe  
  138  10:17  Probe  
  139  10:26  Zealot x2  
  139  10:27  Zealot x7  
  137  10:47  Zealot  
  137  10:48  Zealot x7  
  137  10:49  Zealot  
Show
View Real Time Build Order
Export as new Build Order

Gyalgatine Terran 

Build Orders: Cyclone Opening 

Get SALT Encoding   

  12  0:00  SCV  
  13  0:12  SCV  
  14  0:17  Supply Depot  
  14  0:24  SCV  
  15  0:38  SCV  
  15  0:39  Barracks  
  16  0:44  Refinery  
  16  0:50  SCV  
  16  0:54  Refinery  
  17  1:02  SCV  
  18  1:15  SCV  
  19  1:26  Reaper  
  19  1:27  Orbital Command  
  20  1:33  Supply Depot  
  20  1:45  Factory  
  20  1:52  SCV  
  21  2:05  SCV  
  22  2:17  SCV  
  23  2:29  SCV  
  24  2:30  Factory Tech Lab  
  24  2:33  Barracks Reactor  
  24  2:38  Command Center  
  24  2:41  SCV  
  25  2:49  Cyclone  
  28  2:58  Starport  
  28  3:02  SCV  
  29  3:08  Supply Depot  
  29  3:11  Marine  
  29  3:12  Marine  
  31  3:30  SCV  
  32  3:39  Marine x2  
  33  3:42  Banshee, Cloaking Field  
  33  3:44  Factory Tech Lab  
  36  3:51  Orbital Command  
  36  3:54  SCV  
  37  3:57  Marine x2  
  39  4:06  SCV  
  39  4:07  Siege Tank  
  43  4:10  Supply Depot  
  43  4:17  SCV  
  43  4:18  SCV  
  43  4:19  Marine x2  
  47  4:24  Raven  
  47  4:29  SCV  
  47  4:31  SCV  
  51  4:33  Supply Depot  
  51  4:37  Marine x2  
  53  4:44  Siege Tank  
  53  4:46  SCV x2  
  55  4:55  Refinery  
  55  4:56  Barracks  
  55  4:57  Marine  
  55  4:58  Barracks  
  55  4:59  Marine  
  57  5:01  SCV  
  57  5:02  SCV  
  59  5:07  Supply Depot  
  59  5:13  Banshee, SCV  
  63  5:14  SCV  
  63  5:16  Marine  
  63  5:20  Siege Tank  
  68  5:31  SCV  
  68  5:32  SCV  
  68  5:34  Supply Depot, Marine  
  71  5:37  Supply Depot  
  71  5:43  Engineering Bay, Marine  
  71  5:46  SCV x2  
  71  5:48  Barracks Tech Lab x2  
  74  5:55  Widow Mine  
  76  6:04  Marine x2  
  76  6:08  Marine x2  
  76  6:10  Combat Shield  
  80  6:11  Concussive Shells  
  80  6:14  SCV x2  
  80  6:16  Siege Tank  
  80  6:17  Missile Turret  
  85  6:20  Missile Turret  
  85  6:26  Marauder, SCV x2  
  85  6:30  Marine  
  85  6:31  Marauder, Marine  
  91  6:47  Marine  
  91  6:51  Marine x2  
  94  6:59  Medivac  
  93  7:04  Siege Tank  
  93  7:05  SCV x2  
  93  7:10  Marine  
  94  7:21  Marine  
  94  7:23  SCV, Marine  
  94  7:27  Marauder, Marine  
  86  7:36  Siege Tank  
  83  7:38  Banshee, Marine  
  83  7:41  Command Center, Marine  
  88  7:45  Marine  
  88  7:48  Marine  
  82  7:57  Marauder  
  71  7:59  Marine  
  71  8:03  Marine  
  70  8:05  Marine  
  70  8:09  SCV  
  70  8:11  Refinery  
  72  8:13  Stimpack  
  72  8:14  Siege Tank  
  72  8:18  Marauder  
  77  8:22  SCV x2  
  77  8:25  Marine x3  
  82  8:28  Terran Infantry Weapons Level 1  
  82  8:37  Barracks  
  82  8:38  Barracks  
  82  8:39  Marauder  
  84  8:50  SCV x2  
  87  8:56  Orbital Command, Starport Reactor  
  87  8:57  Armory  
  87  8:58  Marauder, Marine x2  
  87  8:59  Siege Tank  
  87  9:02  SCV  
  94  9:09  Sensor Tower  
  94  9:14  Marauder  
  94  9:15  Starport, Marine  
  94  9:16  Marine  
  94  9:17  SCV x2  
  100  9:20  Marauder  
  100  9:23  Orbital Command  
  103  9:29  SCV  
  104  9:33  Marine  
  104  9:37  Viking x2  
  108  9:38  Barracks Reactor  
  108  9:43  SCV  
  108  9:44  Refinery  
  109  9:46  Refinery  
  109  9:54  Supply Depot  
  109  9:55  Supply Depot, Starport Tech Lab  
  109  9:58  SCV  
  109  10:00  Liberator  
  109  10:04  Ghost Academy  
  109  10:15  SCV, Marine x3  
  109  10:16  Marauder x2  
  109  10:17  SCV  
  121  10:25  Marine x2  
  121  10:26  Missile Turret  
  119  10:33  Marine  
  118  10:41  Marine x4  
  114  10:48  Missile Turret  
Tags
 
Add a new tag
Caveats
  • Supply blocks, unpowered buildings, or Contaminate may cause inaccurate times.
  • Supply counts are checked every 10 seconds.